AoeStats
← Puffmutti

Arena

509640512Analyzed
2v2 RM · 5d ago on Sep 27, 2026· 33m 7s· 4 players
Game mode
Random Map
Map size
Medium (4 player)
Population
200
Speed
Normal
Resources
Standard
Victory
Conquest
Starting age
Dark Age
Ending age
Imperial Age
RankedLock teamsTeams togetherTeam positionsShared explorationLock speedFull tech treeHidden civsTurbo modeCheats
Victory
Defeat
🇧🇷 Turks · Brazil
1143
+16
🇫🇷 Koreans · France
1123
+17
🇩🇪 Khmer · Germany
1165
-18
🇩🇪 Varangians · Germany
1116
-15
Bichir
9:57 Feudal Age
10:23 Loom
11:19 Double-Bit Axe
15:50 Horse Collar
18:47 Fletching
21:36 Castle Age
21:30 Wheelbarrow
20:41 Town Watch
22:36 Bodkin Arrow
23:33 Gold Mining
27:37 Crossbowman
31:10 Hand Cart
32:26 Ballistics
32:16 Masonry
32:50 Thumb Ring
Leetz
12:18 Feudal Age
13:54 Double-Bit Axe
13:51 Horse Collar
16:45 Castle Age
15:12 Gold Mining
21:46 Imperial Age
22:54 Bow Saw
25:11 Two-Man Saw
25:15 Wheelbarrow
25:42 Padded Archer Armor
27:39 Two-Man Saw
Rexlity.-
10:30 Feudal Age
13:55 Castle Age
21:28 Double-Bit Axe
23:19 Elite Skirmisher
27:46 Padded Archer Armor
31:18 Imperial Age
28:45 Fletching
34:12 Imperial Age
Puffmutti
11:09 Feudal Age
12:35 Double-Bit Axe
15:31 Castle Age
16:16 Horse Collar
32:13 Imperial Age
30:35 Scale Mail Armor
33:12 Forging
33:18 Chain Mail Armor
Connection lost

Rejoining the realm…

Still unreachable

The connection could not be restored.

Session expired

The server has moved on; the page needs a fresh start.